 Dungeon Crawl Stone Soup version 0.32-a0-43-g058985b245 (webtiles) character file.

Game seed: 15261615753402826373

10024 jlumianski the Grappler (level 11, -9/84 HPs)
             Began as a Gnoll Shapeshifter on Feb 4, 2024.
             Was a Believer of Wu Jian.
             Mangled by Harold
             ... wielding a +0 long sword
              (14 damage)
             ... on level 9 of the Dungeon.
             The game lasted 00:49:29 (10845 turns).

jlumianski the Grappler (Gnoll Shapeshifter)       Turns: 10845, Time: 00:49:30

Health: -9/84      AC: 17    Str: 18    XL:     11   Next: 55%
Magic:  21/21      EV:  8    Int: 10    God:    Wu Jian [**....]
Gold:   552        SH:  0    Dex: 11    Spells: 23/23 levels left

rFire   . . .        t - +1 lajatang (vamp)
rCold   . . .        (shield currently unavailable)
rNeg    . . .        f - +0 plate armour
rPois   +            (helmet currently unavailable)
rElec   .            (cloak currently unavailable)
rCorr   .            (gloves currently unavailable)
SInv    .            (boots currently unavailable)
Will    .....        (no amulet) Stlth
                     i - +4 ring of protection
HPRegen 0.34/turn    r - ring of poison resistance
MPRegen 0.17/turn

%: no passive effects
@: lethally poisoned (-9 -> -19), beast-form, marked
A: beast (slay +4), fangs 1, strong nose, distributed training
a: Begin Untransformation, Renounce Religion, Wall Jump


You were on level 9 of the Dungeon.
You worshipped Wu Jian.
Wu Jian was pleased with you.
You were a hulking beast.
You visited 3 branches of the dungeon, and saw 14 of its levels.

You collected 552 gold pieces.

Inventory:

Hand Weapons
 t - a +1 vampiric lajatang (weapon)
Missiles
 m - 8 boomerangs (quivered)
 s - 14 poisoned darts
 G - 2 curare-tipped darts
Armour
 a - a +0 animal skin
 f - a +0 plate armour (worn)
 o - a +1 cloak
 y - a +2 pair of gloves
 C - an orb of guile
 H - a +0 hat
 L - a +2 cloak of willpower
Magical Staves
 h - a staff of cold
 I - a staff of conjuration
Jewellery
 i - a +4 ring of protection (left hand)
 r - a ring of poison resistance (right hand)
 A - a ring of see invisible
 D - a +6 ring of intelligence
 E - the ring of Suaddao {rC+ rN+ AC+4 Str-2 Int+3}
   (You found it on level 7 of the Dungeon)

   [ring of protection]

   AC+4:      It affects your AC (+4).
   Str-2:     It affects your strength (-2).
   Int+3:     It affects your intelligence (+3).
   rC+:       It protects you from cold.
   rN+:       It protects you from negative energy.
 F - a ring of ice
Talismans
 c - a beast talisman
 d - a flux talisman
 l - a maw talisman
Wands
 w - a wand of light (3)
 B - a wand of flame (6)
 K - a wand of paralysis (7)
Scrolls
 g - a scroll of poison
 k - 2 scrolls of fog
 v - 2 scrolls of immolation
 z - 2 scrolls of noise
 M - a scroll of revelation {unknown}
Potions
 b - 2 potions of lignification
 e - 2 potions of enlightenment
 j - a potion of might
 n - 2 potions of cancellation
 p - a potion of brilliance
 q - 2 potions of mutation
 x - a potion of magic


   Skills:
 + Level 7.2 Fighting
 + Level 6.6 Short Blades
 + Level 6.6 Long Blades
 + Level 6.6 Axes
 + Level 6.6 Maces & Flails
 + Level 6.6 Polearms
 + Level 6.6 Staves
 + Level 6.6 Ranged Weapons
 + Level 6.6 Throwing
 + Level 6.6 Armour
 + Level 8.1 Dodging
 + Level 6.6 Stealth
 + Level 6.6 Shields
 + Level 9.4 Unarmed Combat
 + Level 6.6 Spellcasting
 + Level 5.5 Conjurations
 + Level 5.5 Hexes
 + Level 5.5 Summonings
 + Level 5.5 Necromancy
 + Level 5.5 Translocations
 + Level 5.5 Fire Magic
 + Level 5.5 Ice Magic
 + Level 5.5 Air Magic
 + Level 5.5 Earth Magic
 + Level 5.5 Alchemy
 + Level 7.3 Invocations
 + Level 6.6 Evocations
 + Level 9.0 Shapeshifting


You had 23 spell levels left.
You didn't know any spells.
Your spell library contained the following spells:

 Spells                   Type           Power      Damage    Failure   Level
 Apportation              Tloc           28%        N/A       52%         1
 Freeze                   Ice            56%        1d7       52%         1
 Magic Dart               Conj           56%        1d5       52%         1
 Necrotise                Necr           56%        1d6       52%         1
 Sting                    Conj/Alch      56%        1d6       52%         1
 Summon Small Mammal      Summ           56%        N/A       52%         1
 Blink                    Tloc           28%        N/A       65%         2
 Call Imp                 Summ           28%        N/A       65%         2
 Jinxbite                 Hex            28%        N/A       65%         2
 Mercury Vapours          Alch/Air       28%        N/A       65%         2
 Momentum Strike          Conj/Tloc      28%        3d8       65%         2
 Frozen Ramparts          Ice            28%        1d5       87%         3
 Inner Flame              Hex/Fire       14%        N/A       87%         3
 Mephitic Cloud           Conj/Alch/Air  14%        N/A       87%         3
 Summon Ice Beast         Ice/Summ       14%        N/A       87%         3
 Animate Armour           Summ/Erth      28%        N/A       99%         4
 Animate Dead             Necr           14%        N/A       99%         4
 Leda's Liquefaction      Alch/Erth      7%         N/A       99%         4
 Petrify                  Alch/Erth      14%        N/A       99%         4
 Summon Blazeheart Golem  Fire/Summ      14%        N/A       99%         4
 Summon Lightning Spire   Summ/Air       14%        N/A       99%         4
 Vhi's Electric Charge    Tloc/Air       28%        N/A       99%         4
 Alistair's Intoxication  Alch           9%         N/A       100%        5
 Arcjolt                  Conj/Air       7%         1d17      100%        5
 Borgnjor's Vile Clutch   Necr/Erth      7%         N/A       100%        5
 Fireball                 Conj/Fire      7%         3d5       100%        5
 Freezing Cloud           Conj/Ice/Air   7%         6-21      100%        5
 Irradiate                Conj/Alch      7%         3d14      100%        5
 Lee's Rapid Deconstruct  Erth           7%         3d6*      100%        5
 Metabolic Englaciation   Hex/Ice        7%         N/A       100%        5
 Death Channel            Necr           7%         N/A       100%        6
 Plasma Beam              Fire/Air       7%         2x1d17    100%        6
 Starburst                Conj/Fire      7%         6d4       100%        6
 Ignition                 Fire           7%         3d4       100%        8


Dungeon Overview and Level Annotations

Branches:
Dungeon (11/15)            Temple (1/1) D:4            Lair (2/5) D:9
    Orc (0/2) D:9
  Swamp: Lair:2-3    Shoals: Lair:2-3     Snake: Lair:2-3    Spider: Lair:2-3

Altars:
Ashenzari
Cheibriados
Dithmenos
Elyvilon
Fedhas
Gozag
Hepliaklqana
Kikubaaqudgha
Makhleb
Nemelex Xobeh
Okawaru
Qazlal
Ru
Sif Muna
Trog
Uskayaw
Vehumet
Wu Jian
Xom
Yredelemnul
Zin
The Shining One

Shops:
D:1 *(   D:3 *

Annotations:
D:9 Erolcha, Harold


Innate Abilities, Weirdness & Mutations

You are a hulking beast.
Your limbs bulge with bestial killing power. (Slay +4)
You have very sharp teeth.
Your uncanny sense of smell can sniff out nearby items.
Your experience applies equally to all skills.


Message History

The wyvern is moderately wounded.
The wyvern bites you.
* * * LOW HITPOINT WARNING * * *
The kobold hits you but does no damage. Harold gestures at you while chanting.
The mark upon you grows brighter.
The kobold brigand hits you but does no damage.
You bump into the rock wall.
The wyvern bites you but does no damage.
The kobold hits you but does no damage. Harold hits you with a +0 long sword!
* * * LOW HITPOINT WARNING * * *
The kobold brigand hits you with a +0 club.
* * * LOW HITPOINT WARNING * * *
The wyvern barely misses you.
Okay, then.
Unknown command.
You feel better.
You feel less invigorated. The wyvern bites you!
* * * LOW HITPOINT WARNING * * *
The kobold hits you with a +0 dagger.
* * * LOW HITPOINT WARNING * * *
Harold gestures at you while chanting. The mark upon you grows brighter.
The kobold brigand hits you but does no damage.
Aiming: Wall Jump
Press: ? - help, Dir - move target You repeatedly attack the wyvern from above.
You closely miss the wyvern.
The wyvern is moderately wounded.
You hit the wyvern but do no damage.
The wyvern is moderately wounded.
The wyvern barely misses you.
The wyvern bites you but does no damage.
The kobold brigand throws a poisoned dart.
The poisoned dart hits you!
You are lethally poisoned!
The wyvern barely misses you.
The kobold brigand throws a poisoned dart.
The poisoned dart hits you! Harold hits you with a +0 long sword!
You die...
Harold sighs, "Finally, I can get that fishing boat and settle down."

#+# ## #.#### #. ...
####.##### ##. K...##
#........# #.. ..K'.###
#........# #.. ∆
#...####....)...### #..
#.O..#..........#####..
####.#........#........
#.°○°......#######..
###h°K.....# #..
#@kK.....# #..
#.)......# #..
########## ###


You could see Harold, Erolcha, a wyvern, a kobold brigand and a kobold.

Vanquished Creatures
  2 two-headed ogres (D:9)
  The ghost of cforsyth the Fighter, a novice DjWr of the Shining One (D:8)
  Maurice (D:9)
  2 black mambas (Lair:1)
  Jeremiah (D:7)
  2 kobold demonologists (D:9)
  A hornet (D:9)
  A blink frog (Lair:1)
  7 yaks (D:9)
  A vampire (D:10)
  4 wyverns
  2 basilisks
  Menkaure (D:5)
  An acid dragon (D:8)
  A water moccasin (D:6)
  An ice beast (D:8)
  A sky beast (D:7)
  3 black bears
  2 orc warriors
  2 ogres
  3 centaurs
  6 wolves (Lair:1)
  4 kobold brigands
  A phantom (D:5)
  5 bullfrogs
  3 scorpions
  4 wights (D:9)
  9 killer bees
  2 howler monkeys
  A bombardier beetle (D:5)
  4 hounds
  2 jellies
  5 orc priests
  2 orc wizards
  A sleepcap (D:4)
  Terence (D:2)
  An iguana (D:6)
  7 gnolls
  7 adders
  2 ufetubi
  A dart slug (D:3)
  3 ribbon worms
  13 orcs
  6 endoplasms
  2 giant cockroaches
  4 hobgoblins
  8 jackals (D:1)
  4 quokkas
  7 ball pythons
  10 bats
  A frilled lizard (D:1)
  6 goblins
  22 kobolds
  2 rats
196 creatures vanquished.

Vanquished Creatures (others)
  An orc priest (D:5)
1 creature vanquished.

Grand Total: 197 creatures vanquished

Notes
Turn   | Place    | Note
-------+----------+-------------------------------------------
     0 | D:1      | jlumianski the Gnoll Shapeshifter began the quest for the
                  | Orb.
     0 | D:1      | Reached XP level 1. HP: 17/17 MP: 1/1
   208 | D:2      | Reached XP level 2. HP: 19/23 MP: 2/2
   250 | D:2      | Got the Enchiridion on Glowing Hoarfrost
   337 | D:1      | Found Adasoimoa's Antique Weapon Emporium.
   582 | D:1      | Found Hehuguza's General Store.
   597 | D:1      | Reached XP level 3. HP: 28/28 MP: 3/3
   750 | D:1      | Reached skill level 1 in Invocations
  1077 | D:2      | Reached skill level 1 in Short Blades
  1077 | D:2      | Reached skill level 1 in Long Blades
  1077 | D:2      | Reached skill level 1 in Axes
  1077 | D:2      | Reached skill level 1 in Maces & Flails
  1077 | D:2      | Reached skill level 1 in Polearms
  1077 | D:2      | Reached skill level 1 in Staves
  1077 | D:2      | Reached skill level 1 in Ranged Weapons
  1077 | D:2      | Reached skill level 1 in Throwing
  1077 | D:2      | Reached skill level 1 in Armour
  1077 | D:2      | Reached skill level 1 in Stealth
  1077 | D:2      | Reached skill level 1 in Shields
  1077 | D:2      | Reached skill level 1 in Spellcasting
  1077 | D:2      | Reached skill level 1 in Evocations
  1123 | D:2      | Reached XP level 4. HP: 34/34 MP: 5/5
  1186 | D:2      | Found a faded altar of an unknown god.
  1210 | D:3      | Found Qeill's General Store.
  1225 | D:2      | Reached skill level 1 in Conjurations
  1225 | D:2      | Reached skill level 1 in Hexes
  1225 | D:2      | Reached skill level 1 in Summonings
  1225 | D:2      | Reached skill level 1 in Necromancy
  1225 | D:2      | Reached skill level 1 in Translocations
  1225 | D:2      | Reached skill level 1 in Fire Magic
  1225 | D:2      | Reached skill level 1 in Ice Magic
  1225 | D:2      | Reached skill level 1 in Air Magic
  1225 | D:2      | Reached skill level 1 in Earth Magic
  1225 | D:2      | Reached skill level 1 in Alchemy
  1306 | D:3      | Noticed Terence
  1319 | D:2      | Reached XP level 5. HP: 33/40 MP: 5/7
  1372 | D:2      | Killed Terence
  2002 | D:4      | You fall into a shaft and drop 3 floors!
  2041 | D:6      | Noticed a water moccasin
  2045 | D:6      | Reached skill level 5 in Dodging
  2045 | D:6      | Reached XP level 6. HP: 25/47 MP: 8/8
  2079 | D:6      | Killed a water moccasin
  2229 | D:6      | Reached XP level 7. HP: 52/52 MP: 10/10
  2243 | D:6      | Found a radiant altar of Vehumet.
  2266 | D:5      | Entered Level 5 of the Dungeon
  2582 | D:3      | Found a broken altar of Ashenzari.
  2587 | D:3      | Saw a vision of the Shoals and the Snake Pit.
  2587 | D:3      | Noticed a merfolk
  2587 | D:3      | Noticed a wind drake
  2587 | D:3      | Noticed a mana viper
  2587 | D:3      | Noticed a naga
  2587 | D:3      | Noticed a merfolk impaler
  2587 | D:3      | Noticed a mana viper
  2587 | D:3      | Noticed a sea snake
  2587 | D:3      | Noticed a black mamba
  2587 | D:3      | Noticed a merfolk
  2587 | D:3      | Noticed a wind drake
  2587 | D:3      | Noticed a snapping turtle
  2587 | D:3      | Noticed a skyshark
  2587 | D:3      | Noticed a naga
  2588 | D:3      | Noticed a snapping turtle
  2590 | D:3      | Noticed a naga ritualist
  3194 | D:4      | Found a staircase to the Ecumenical Temple.
  3205 | Temple   | Entered the Ecumenical Temple
  4053 | D:5      | Reached XP level 8. HP: 60/60 MP: 12/12
  4802 | D:5      | Found a basalt altar of Yredelemnul.
  4802 | D:5      | Found a blossoming altar of Fedhas.
  4802 | D:5      | Found a stormy altar of Qazlal.
  4802 | D:5      | Found an ornate altar of the Wu Jian Council.
  4819 | D:5      | Found a sacrificial altar of Ru.
  4819 | D:5      | Noticed Menkaure
  4825 | D:5      | Killed Menkaure
  4831 | D:5      | Became a worshipper of the Wu Jian Council
  4838 | D:5      | Found an ancient bone altar of Kikubaaqudgha.
  5375 | D:6      | Found a bloodstained altar of Trog.
  5418 | D:6      | Found a shimmering blue altar of Sif Muna.
  5422 | D:6      | Got Sif Muna's Elucidation of Injury
  5531 | D:7      | Noticed Jeremiah
  5577 | D:6      | Reached XP level 9. HP: 66/66 MP: 14/14
  6468 | D:7      | Killed Jeremiah
  6469 | D:7      | Reached skill level 5 in Fighting
  6819 | D:7      | Identified the ring of Suaddao {rC+ rN+ AC+4 Str-2 Int+3}
  6828 | D:7      | Found a shadowy altar of Dithmenos.
  7031 | D:7      | Reached skill level 5 in Invocations
  7434 | D:8      | Found a runed translucent door.
  7435 | D:8      | Noticed cforsyth's ghost (novice DjWr)
  7473 | D:8      | Killed cforsyth's ghost
  7474 | D:8      | Reached skill level 5 in Short Blades
  7474 | D:8      | Reached skill level 5 in Long Blades
  7474 | D:8      | Reached skill level 5 in Axes
  7474 | D:8      | Reached skill level 5 in Maces & Flails
  7474 | D:8      | Reached skill level 5 in Polearms
  7474 | D:8      | Reached skill level 5 in Staves
  7474 | D:8      | Reached skill level 5 in Ranged Weapons
  7474 | D:8      | Reached skill level 5 in Throwing
  7474 | D:8      | Reached skill level 5 in Armour
  7474 | D:8      | Reached skill level 5 in Stealth
  7474 | D:8      | Reached skill level 5 in Shields
  7474 | D:8      | Reached skill level 5 in Spellcasting
  7474 | D:8      | Reached skill level 5 in Evocations
  7474 | D:8      | Reached XP level 10. HP: 68/76 MP: 17/17
  8100 | D:9      | Found a snail-covered altar of Cheibriados.
  8125 | D:9      | Noticed Maurice
  8132 | D:9      | Maurice stole 432 gold
  8143 | D:9      | Maurice stole an orb of guile
  8146 | D:9      | Killed Maurice
  8199 | D:9      | Found a hide-covered altar of Uskayaw.
  8205 | D:9      | Noticed a two-headed ogre
  8212 | D:9      | Reached * piety under Wu Jian
  8217 | D:9      | HP: 1/76 [two-headed ogre/+0 giant spiked club (21)]
  8242 | D:9      | Found a staircase to the Orcish Mines.
  8258 | D:9      | Found a burning altar of Makhleb.
  8259 | D:9      | Noticed a kobold demonologist
  8259 | D:9      | Noticed a kobold demonologist
  8521 | D:9      | Killed a two-headed ogre
  8525 | D:9      | Noticed Erolcha
  8730 | D:9      | Found a glowing golden altar of the Shining One.
  8846 | D:10     | Entered Level 10 of the Dungeon
  9024 | D:10     | Identified a scroll of acquirement
  9024 | D:10     | Acquired a +0 vampiric lajatang
  9081 | D:10     | Noticed a two-headed ogre
  9205 | D:9      | Killed a two-headed ogre
  9273 | D:10     | HP: 3/77 [centaur (5)]
  9515 | D:9      | Reached skill level 5 in Conjurations
  9515 | D:9      | Reached skill level 5 in Hexes
  9515 | D:9      | Reached skill level 5 in Summonings
  9515 | D:9      | Reached skill level 5 in Necromancy
  9515 | D:9      | Reached skill level 5 in Translocations
  9515 | D:9      | Reached skill level 5 in Fire Magic
  9515 | D:9      | Reached skill level 5 in Ice Magic
  9515 | D:9      | Reached skill level 5 in Air Magic
  9515 | D:9      | Reached skill level 5 in Earth Magic
  9515 | D:9      | Reached skill level 5 in Alchemy
  9515 | D:9      | Reached XP level 11. HP: 83/83 MP: 20/20
  9601 | D:9      | Found a staircase to the Lair.
  9616 | Lair:1   | Entered Level 1 of the Lair of Beasts
 10790 | D:9      | Reached ** piety under Wu Jian
 10804 | D:9      | Noticed Harold
 10843 | D:9      | HP: 3/84 [kobold brigand/+0 club (5)]
 10845 | D:9      | Mangled by Harold

Illustrated notes

Levels and vault maps discovered:
D:1:      psy_arrival_statuary, layout_loops_corners, serial_shops,
          nicolae_shop_tiny_real_fake_doors, nicolae_shop_window_shopping
D:2:      layout_rooms, hellmonk_ecumenical_altar_inner_sanctum
D:3:      layout_loops_ring, grunt_ashenzari_visionary
          [grunt_ashenzari_visionary_shoals, grunt_ashenzari_visionary_snake],
          serial_shops, nicolae_shop_statue_plus, uniq_terence
D:4:      layout_loops_cross, minmay_temple_entry_glassed_door
D:5:      layout_loops_corners, minmay_overflow_temple_hex, uniq_menkaure
D:6:      layout_loops_ring, nzn_overflow_gifts_of_might_and_magic,
          lemuel_doored_altar
D:7:      layout_loops_ring, grunt_dithmenos_smoke, uniq_jeremiah
D:8:      layout_gridville, gammafunk_ghost_grave
D:9:      layout_roguey, mainiacjoe_overflow_alcove_2,
          mainiacjoe_overflow_alcove_1, mainiacjoe_overflow_tiny_flanked,
          lemuel_crystal_altar, david_lair_generic, uniq_maurice, uniq_harold,
          uniq_erolcha
D:10:     layout_small_grid
D:11:     layout_irregular_city, ebering_ghost_disaster_area,
          hangedman_abyss_or_decor_clamps, st_stairs_4,
          corexii_leaking_fountain, tso_metal_star
Temple:   nicolae_temple_superstar
Lair:1:   layout_gridlike
Lair:2:   layout_cave_pods, gammafunk_ghost_hydra_chop, minivault_23,
          beast_lair_carwin_5, uniq_erica

Skill      XL: |  1  2  3  4  5  6  7  8  9 10 11 |
---------------+----------------------------------+-----
Invocations    | 1 2 3 4 5 6 7 |  7.3
Short Blades   | 1 2 3 5 6 |  6.6
Long Blades    | 1 2 3 5 6 |  6.6
Axes           | 1 2 3 5 6 |  6.6
Maces & Flails | 1 2 3 5 6 |  6.6
Polearms       | 1 2 3 5 6 |  6.6
Staves         | 1 2 3 5 6 |  6.6
Ranged Weapons | 1 2 3 5 6 |  6.6
Throwing       | 1 2 3 5 6 |  6.6
Armour         | 1 2 3 5 6 |  6.6
Stealth        | 1 2 3 5 6 |  6.6
Shields        | 1 2 3 5 6 |  6.6
Spellcasting   | 1 2 3 5 6 |  6.6
Evocations     | 1 2 3 5 6 |  6.6
Conjurations   | 1 2 3 4 5 |  5.5
Hexes          | 1 2 3 4 5 |  5.5
Summonings     | 1 2 3 4 5 |  5.5
Necromancy     | 1 2 3 4 5 |  5.5
Translocations | 1 2 3 4 5 |  5.5
Fire Magic     | 1 2 3 4 5 |  5.5
Ice Magic      | 1 2 3 4 5 |  5.5
Air Magic      | 1 2 3 4 5 |  5.5
Earth Magic    | 1 2 3 4 5 |  5.5
Alchemy        | 1 2 3 4 5 |  5.5
Fighting       | 3 4 5 6 7 |  7.2
Dodging        | 5 6 7 8 |  8.1
Unarmed Combat | 7 8 9 |  9.4
Shapeshifting  | 7 8 9 |  9.0

Action                     |  1- 3 |  4- 6 |  7- 9 | 10-12 || total
---------------------------+-------+-------+-------+-------++-------
  Melee: Unarmed           |    59 |    91 |   225 |   114 ||   489
         Bite              |     3 |    12 |    30 |    38 ||    83
         Punch             |     3 |     5 |    13 |     6 ||    27
         Lajatang          |       |       |       |   203 ||   203
  Throw: Boomerang         |       |     1 |     4 |    10 ||    15
         Dart              |       |       |    15 |     8 ||    23
Ability: Lunge             |       |       |     6 |    13 ||    19
         Whirlwind         |       |       |       |    21 ||    21
         Wall Jump         |       |       |       |     3 ||     3
    Use: Scroll            |       |     4 |     5 |    12 ||    21
         Potion            |       |     3 |     2 |     8 ||    13
 Armour: Animal skin       |     6 |       |       |       ||     6
         Plate armour      |    43 |   137 |   205 |   444 ||   829
  Dodge: Dodged            |    24 |    40 |    62 |   137 ||   263

Table legend: (Time is in decaauts)
 A = Elapsed time spent in this place.
 B = Non-inter-level travel time spent in this place.
 C = Inter-level travel time spent in this place.
 D = Time resting spent in this place.
 E = Time spent auto-exploring this place.
 F = Levels seen in this place.
 G = Mean time per level.
                   A        B        C        D        E       F      G
               +--------+--------+--------+--------+--------+-----+--------+
         Total |  10794 |  10605 |    189 |   2820 |   4315 |  14 |  771.0 |
       Dungeon |   9834 |   9645 |    189 |   2485 |   4083 |  11 |  894.0 |
        Temple |     79 |     79 |      0 |      0 |      0 |   1 |   79.0 |
          Lair |    880 |    880 |      0 |    335 |    232 |   2 |  440.0 |
               +--------+--------+--------+--------+--------+-----+--------+

Top non-repeatable levels by time:
     D:6: 1591 daAuts
     D:5: 1385 daAuts
     D:9: 1287 daAuts
     D:1: 1107 daAuts
     D:8: 1103 daAuts
  Lair:1: 878 daAuts
     D:4: 871 daAuts
     D:3: 726 daAuts
     D:7: 725 daAuts
     D:2: 688 daAuts
    D:10: 188 daAuts
    D:11: 157 daAuts
  Temple: 79 daAuts
  Lair:2: 1 daAuts
